| TOP OF THE 1ST |
|
Lodi Crushers batting - Pitching for Visalia Mets : RHP Ricky Valentin
|
|
Pitching: RHP Ricky Valentin
|
|
|
Batting: LHB Kal Daniels
|
0-0: Ball 1-0: Called Strike 1-1: Ball 2-1: Ball 3-1: Foul Ball, location: 2F 3-2: Foul Ball, location: 2F 3-2: Ground out 3-1 (Groundball, 34S, EV 86.3 MPH)
|
|
Batting: RHB Dave Lebeau
|
0-0: Ball 1-0: Foul Ball, location: 2F 1-1: Foul Ball, location: 2F 1-2: Ball 2-2: Foul Ball, location: 2F 2-2: DOUBLE (Flyball, 89XD, EV 103.8 MPH)
|
|
Batting: RHB Carmelo Martinez
|
0-0: Ball 1-0: Called Strike 1-1: Called Strike 1-2: Ball 2-2: Ball 3-2: Fly out, F9 (Flyball, 89D, EV 90.6 MPH) Runner from 2nd tags up, SAFE at 3rd, no throw by RF
|
|
Batting: LHB Fred McGriff
|
0-0: Ball 1-0: Fly out, F8 (Flyball, 8RD, EV 105.6 MPH)
|
| Top of the 1st over - 0 runs, 1 hit, 0 errors, 1 left on base; Lodi 0 - Visalia 0 |
| BOTTOM OF THE 1ST |
|
Visalia Mets batting - Pitching for Lodi Crushers : RHP Larry Lamonde
|
|
Pitching: RHP Larry Lamonde
|
|
|
Batting: RHB Danny Ainge
|
0-0: Ball 1-0: Ball 2-0: Ball 3-0: Called Strike 3-1: Foul Ball, location: 2F 3-2: Foul Ball, location: 2F 3-2: Base on Balls
|
|
Batting: SHB David Navarro
|
0-0: Ground out 5-3 (Groundball, 56S, EV 65.0 MPH) Danny Ainge to second
|
|
Batting: LHB Huey Gayden
|
0-0: Foul Ball, location: 2F 0-1: Fly out, F8 (Flyball, 78D, EV 99.4 MPH)
|
|
Batting: LHB Pete Dalena
|
0-0: Ground out 4-3 (Groundball, 4, EV 108.8 MPH)
|
| Bottom of the 1st over - 0 runs, 0 hits, 0 errors, 1 left on base; Lodi 0 - Visalia 0 |
| TOP OF THE 2ND |
|
Lodi Crushers batting - Pitching for Visalia Mets : RHP Ricky Valentin
|
|
Batting: RHB Terry McGriff
|
0-0: Called Strike 0-1: Ground out 1-3 (Groundball, 23, EV 61.9 MPH)
|
|
Batting: RHB Mark Van Blaricom
|
0-0: Called Strike 0-1: Foul Ball, location: 2F 0-2: Ball 1-2: Ball 2-2: Ball 3-2: Fly out, F8 (Flyball, 8RXD, EV 88.8 MPH)
|
|
Batting: RHB Ron Karkovice
|
0-0: Swinging Strike 0-1: Ball 1-1: Ground out 1-3 (Groundball, 34S, EV 67.5 MPH)
|
| Top of the 2nd over - 0 runs, 0 hits, 0 errors, 0 left on base; Lodi 0 - Visalia 0 |
| BOTTOM OF THE 2ND |
|
Visalia Mets batting - Pitching for Lodi Crushers : RHP Larry Lamonde
|
|
Batting: SHB Marcos Gomez
|
0-0: Ground out 5-3 (Groundball, 5S, EV 81.9 MPH)
|
|
Batting: RHB Ed Sedar
|
0-0: Ball 1-0: Called Strike 1-1: Foul Ball, location: 2F 1-2: Ball 2-2: Foul Ball, location: 2F 2-2: Ball 3-2: SINGLE (Line Drive, 6MD, EV 101.9 MPH)
|
|
Batting: SHB Rene Quinones
|
0-0: Called Strike Ed Sedar steals 2nd base 0-1: SINGLE (Groundball, 25, EV 65.6 MPH) (infield hit) Ed Sedar to third
|
|
Batting: RHB Ken Frazier
|
0-0: Ball 1-0: Ball 2-0: Ball 3-0: Called Strike 3-1: Grounds into double play, 5-4-3 (Groundball, 56, EV 79.4 MPH)
|
| Bottom of the 2nd over - 0 runs, 2 hits, 0 errors, 1 left on base; Lodi 0 - Visalia 0 |
| TOP OF THE 3RD |
|
Lodi Crushers batting - Pitching for Visalia Mets : RHP Ricky Valentin
|
|
Batting: LHB Jeff Reed
|
0-0: Ball 1-0: Ball 2-0: Ball 3-0: Called Strike 3-1: Foul Ball, location: 2F 3-2: Fly out, F8 (Flyball, 8LD, EV 103.1 MPH)
|
|
Batting: RHB Chris Baker
|
0-0: Called Strike 0-1: Swinging Strike 0-2: Strikes out swinging
|
|
Batting: LHB Kal Daniels
|
0-0: Fly out, F7 (Flyball, 7S, EV 87.5 MPH)
|
| Top of the 3rd over - 0 runs, 0 hits, 0 errors, 0 left on base; Lodi 0 - Visalia 0 |
| BOTTOM OF THE 3RD |
|
Visalia Mets batting - Pitching for Lodi Crushers : RHP Larry Lamonde
|
|
Batting: RHB Gabriel de la Sancha
|
0-0: Fly out, F8 (Flyball, 78D, EV 98.8 MPH)
|
|
Batting: RHB Danny Ainge
|
0-0: Ground out 5-3 (Groundball, 5, EV 78.1 MPH)
|
|
Batting: SHB David Navarro
|
0-0: Ball 1-0: Called Strike 1-1: Called Strike 1-2: Ball 2-2: Foul Ball, location: 2F 2-2: SINGLE (Groundball, 34D, EV 95.6 MPH)
|
|
Batting: LHB Huey Gayden
|
0-0: Ball 1-0: Swinging Strike 1-1: Ground out U3 (Groundball, 3S, EV 82.5 MPH)
|
| Bottom of the 3rd over - 0 runs, 1 hit, 0 errors, 1 left on base; Lodi 0 - Visalia 0 |
| TOP OF THE 4TH |
|
Lodi Crushers batting - Pitching for Visalia Mets : RHP Ricky Valentin
|
|
Batting: RHB Dave Lebeau
|
0-0: Fly out, F4 (Popup, 4, EV 63.8 MPH)
|
|
Batting: RHB Carmelo Martinez
|
0-0: Ball 1-0: Ball 2-0: Called Strike 2-1: Swinging Strike 2-2: Ground out U3 (Groundball, 34, EV 80.0 MPH)
|
|
Batting: LHB Fred McGriff
|
0-0: Foul Ball, location: 2F 0-1: Ground out U3 (Groundball, 34, EV 106.3 MPH)
|
| Top of the 4th over - 0 runs, 0 hits, 0 errors, 0 left on base; Lodi 0 - Visalia 0 |
| BOTTOM OF THE 4TH |
|
Visalia Mets batting - Pitching for Lodi Crushers : RHP Larry Lamonde
|
|
Batting: LHB Pete Dalena
|
0-0: Called Strike 0-1: Ground out 4-3 (Groundball, 34D, EV 103.8 MPH)
|
|
Batting: SHB Marcos Gomez
|
0-0: Fly out, F2 (Popup, 2LF, EV 91.9 MPH)
|
|
Batting: RHB Ed Sedar
|
0-0: Ball 1-0: Foul Ball, location: 2F 1-1: Foul Ball, location: 2F 1-2: Ball 2-2: Fly out, F8 (Flyball, 8RS, EV 91.3 MPH)
|
| Bottom of the 4th over - 0 runs, 0 hits, 0 errors, 0 left on base; Lodi 0 - Visalia 0 |
| TOP OF THE 5TH |
|
Lodi Crushers batting - Pitching for Visalia Mets : RHP Ricky Valentin
|
|
Batting: RHB Terry McGriff
|
0-0: Ground out 3-1 (Groundball, 34, EV 85.0 MPH)
|
|
Batting: RHB Mark Van Blaricom
|
0-0: Ball 1-0: Ball 2-0: Called Strike 2-1: Ball 3-1: Base on Balls
|
|
Batting: RHB Ron Karkovice
|
0-0: Ball 1-0: Called Strike 1-1: Foul Ball, location: 2F 1-2: Ball 2-2: Fielders Choice at 2nd, 1-6 (Groundball, 34S, EV 68.1 MPH)
|
|
Batting: LHB Jeff Reed
|
0-0: Ball 1-0: Foul Ball, location: 2F 1-1: Foul Ball, location: 2F 1-2: Foul Ball, location: 2F 1-2: Ground out 4-3 (Groundball, 4, EV 101.9 MPH)
|
| Top of the 5th over - 0 runs, 0 hits, 0 errors, 1 left on base; Lodi 0 - Visalia 0 |
| BOTTOM OF THE 5TH |
|
Visalia Mets batting - Pitching for Lodi Crushers : RHP Larry Lamonde
|
|
Batting: SHB Rene Quinones
|
0-0: Ground out 4-3 (Groundball, 34, EV 104.4 MPH)
|
|
Batting: RHB Ken Frazier
|
0-0: Ball 1-0: Swinging Strike 1-1: Ball 2-1: Fly out, F7 (Flyball, 7D, EV 96.3 MPH)
|
|
Batting: RHB Gabriel de la Sancha
|
0-0: Ball 1-0: Swinging Strike 1-1: Foul Ball, location: 2F 1-2: Ground out 5-3 (Groundball, 56S, EV 83.8 MPH)
|
| Bottom of the 5th over - 0 runs, 0 hits, 0 errors, 0 left on base; Lodi 0 - Visalia 0 |
| TOP OF THE 6TH |
|
Lodi Crushers batting - Pitching for Visalia Mets : RHP Ricky Valentin
|
|
Batting: RHB Chris Baker
|
0-0: Foul Ball, location: 2F 0-1: Ball 1-1: Ball 2-1: Fly out, F9 (Flyball, 89S, EV 88.8 MPH)
|
|
Batting: LHB Kal Daniels
|
0-0: Ball 1-0: Fly out, F6 (Flyball, 6D, EV 88.8 MPH)
|
|
Batting: RHB Dave Lebeau
|
0-0: Swinging Strike 0-1: Foul Ball, location: 2F 0-2: Ball 1-2: Ball 2-2: Strikes out swinging
|
| Top of the 6th over - 0 runs, 0 hits, 0 errors, 0 left on base; Lodi 0 - Visalia 0 |
| BOTTOM OF THE 6TH |
|
Visalia Mets batting - Pitching for Lodi Crushers : RHP Larry Lamonde
|
|
Batting: RHB Danny Ainge
|
0-0: Ball 1-0: Foul Ball, location: 2F 1-1: Swinging Strike 1-2: Ball 2-2: Strikes out swinging
|
|
Batting: SHB David Navarro
|
0-0: Ball 1-0: Foul Ball, location: 2F 1-1: Ground out 6-3 (Groundball, 6MD, EV 108.8 MPH)
|
|
Batting: LHB Huey Gayden
|
0-0: Ground out 6-3 (Groundball, 56, EV 86.3 MPH)
|
| Bottom of the 6th over - 0 runs, 0 hits, 0 errors, 0 left on base; Lodi 0 - Visalia 0 |
| TOP OF THE 7TH |
|
Lodi Crushers batting - Pitching for Visalia Mets : RHP Ricky Valentin
|
|
Batting: RHB Carmelo Martinez
|
0-0: SINGLE (Line Drive, 5D, EV 97.5 MPH)
|
|
Batting: LHB Fred McGriff
|
0-0: Ball 1-0: Foul Ball, location: 2F 1-1: Swinging Strike 1-2: Foul Ball, location: 2F 1-2: Ball 2-2: Foul Ball, location: 2F 2-2: Foul Ball, location: 2F 2-2: Grounds into double play, 5-4-3 (Groundball, 56, EV 103.8 MPH)
|
|
Batting: RHB Terry McGriff
|
0-0: Ball 1-0: Ball 2-0: Ground out 5-3 (Groundball, 5L, EV 101.9 MPH)
|
| Top of the 7th over - 0 runs, 1 hit, 0 errors, 0 left on base; Lodi 0 - Visalia 0 |
| BOTTOM OF THE 7TH |
|
Visalia Mets batting - Pitching for Lodi Crushers : RHP Larry Lamonde
|
|
Batting: LHB Pete Dalena
|
0-0: SOLO HOME RUN (Flyball, 89XD, EV 109.4 MPH), Distance : 422 ft
|
|
Batting: SHB Marcos Gomez
|
0-0: Ball 1-0: Fly out, F8 (Flyball, 8LXD, EV 81.3 MPH)
|
|
Batting: RHB Ed Sedar
|
0-0: Fly out, F8 (Line Drive, 8LM, EV 90.6 MPH)
|
|
Batting: SHB Rene Quinones
|
0-0: Ball 1-0: SINGLE (Groundball, 3D, EV 106.9 MPH)
|
|
Batting: RHB Ken Frazier
|
0-0: Ball 1-0: Ground out 4-3 (Groundball, 34, EV 88.8 MPH)
|
| Bottom of the 7th over - 1 run, 2 hits, 0 errors, 1 left on base; Lodi 0 - Visalia 1 |
| TOP OF THE 8TH |
|
Lodi Crushers batting - Pitching for Visalia Mets : RHP Ricky Valentin
|
|
Batting: RHB Mark Van Blaricom
|
0-0: Foul Ball, location: 2F 0-1: Ground out 6-3 (Groundball, 56, EV 101.9 MPH)
|
|
Batting: RHB Ron Karkovice
|
0-0: Ground out 6-3 (Groundball, 6, EV 90.6 MPH)
|
|
Batting: LHB Jeff Reed
|
0-0: Called Strike 0-1: Swinging Strike 0-2: Strikes out looking
|
| Top of the 8th over - 0 runs, 0 hits, 0 errors, 0 left on base; Lodi 0 - Visalia 1 |
| BOTTOM OF THE 8TH |
|
Visalia Mets batting - Pitching for Lodi Crushers : RHP Larry Lamonde
|
|
Batting: RHB Gabriel de la Sancha
|
0-0: Ground out 6-3 (Groundball, 6, EV 97.5 MPH)
|
|
Batting: RHB Danny Ainge
|
0-0: Ball 1-0: Ball 2-0: Ball 3-0: Called Strike 3-1: Base on Balls
|
|
Batting: SHB David Navarro
|
0-0: Called Strike 0-1: Ball 1-1: Fly out, F1 (Line Drive, P, EV 74.4 MPH)
|
|
Batting: LHB Huey Gayden
|
0-0: SINGLE (Line Drive, 8LS, EV 106.9 MPH) Danny Ainge to second
|
|
Batting: LHB Pete Dalena
|
0-0: Called Strike 0-1: Fly out, F7 (Flyball, 78S, EV 71.3 MPH)
|
| Bottom of the 8th over - 0 runs, 1 hit, 0 errors, 2 left on base; Lodi 0 - Visalia 1 |
| TOP OF THE 9TH |
|
Lodi Crushers batting - Pitching for Visalia Mets : RHP Ricky Valentin
|
|
Pinch Hitting: SHB Michael Madril
|
0-0: Ball 1-0: Ground out 4-3 (Groundball, 4, EV 86.9 MPH)
|
|
Batting: LHB Kal Daniels
|
0-0: Fly out, F4 (Line Drive, 4, EV 72.5 MPH)
|
|
Batting: RHB Dave Lebeau
|
0-0: Called Strike 0-1: Ball 1-1: Fly out, F2 (Popup, 2RF, EV 90.0 MPH)
|
| Top of the 9th over - 0 runs, 0 hits, 0 errors, 0 left on base; Lodi 0 - Visalia 1 |
|